 Dungeon Crawl Stone Soup version 0.29.1-15-g9cfb28693d (webtiles) character file.

Game seed: 2444473800955202163

89 Mickster the Trooper (level 4, -4/45 HPs)
             Began as a Gargoyle Berserker on Apr 8, 2023.
             Was a Follower of Trog.
             Slain by an orc warrior
             ... wielding a +2 vampiric war axe
              (9 damage)
             ... on level 5 of the Dungeon.
             The game lasted 00:15:10 (1751 turns).

Mickster the Trooper (Gargoyle Berserker)           Turns: 1751, Time: 00:15:10

Health: -4/45      AC:  6    Str: 22    XL:     4   Next: 55%
Magic:  4/4        EV: 12    Int:  8    God:    Trog [*.....]
Gold:   162        SH:  0    Dex:  9    Spells: 3/3 levels left

rFire   . . .      SeeInvis .   a - +0 hand axe
rCold   + . .      Faith    .   (no shield)
rNeg    + . .      Spirit   .   b - +0 animal skin
rPois   ∞          Reflect  .   (no helmet)
rElec   +          Harm     .   d - scarf {repulsion}
rCorr   .          Rampage  .   m - +0 pair of gloves
Will    .....                   (no boots)
Stlth   ..........              (no amulet)
HPRegen 0.15/turn               l - ring of protection from cold
MPRegen 0.09/turn               (no ring)

@: berserking, repel missiles, very quick
A: sickness immunity, AC +3, negative energy resistance 1, electricity
resistance, torment resistance 1, petrification resistance
a: Renounce Religion, Berserk


You were on level 5 of the Dungeon.
You worshipped Trog.
Trog was aware of your devotion.
You visited 1 branch of the dungeon, and saw 4 of its levels.

You collected 162 gold pieces.

Inventory:

Hand Weapons
 a - a +0 hand axe (weapon)
 f - a +0 sling
Missiles
 h - 30 stones
 k - 5 curare-tipped darts
 n - 5 atropa-tipped darts (quivered)
Armour
 b - a +0 animal skin (worn)
 d - a scarf of repulsion (worn)
 m - a +0 pair of gloves (worn)
Jewellery
 l - a ring of protection from cold (left hand)
Scrolls
 e - a scroll of immolation {unknown}
 i - 3 scrolls of identify
Potions
 c - a potion of lignification
 g - a potion of attraction {unknown}
 j - 2 potions of brilliance {unknown}
 o - a potion of resistance {unknown}


   Skills:
 + Level 4.3 Fighting
 + Level 3.6 Axes
 + Level 2.2 Armour
 + Level 2.0 Dodging
 + Level 0.6 Stealth


You had 3 spell levels left.
You didn't know any spells.
Your spell library was empty.

Dungeon Overview and Level Annotations

Branches:
Dungeon (3/15)

Altars:
Ru


Innate Abilities, Weirdness & Mutations

You are immune to sickness and miasma.
Your stone body is resilient. (AC +3)
You are immune to poison.
You resist negative energy. (rN+)
You are resistant to electric shocks. (rElec)
You are resistant to unholy torment.
You are immune to petrification.


Message History

You hit the necrophage.
The necrophage is lightly damaged.
You closely miss the necrophage.
The necrophage is lightly damaged.
The necrophage closely misses you.
You barely miss the necrophage.
The necrophage is lightly damaged.
You slash the orc warrior! The necrophage misses you.
The orc warrior hits you with a +2 vampiric war axe!
The hound bites you.
You closely miss the necrophage.
The necrophage is lightly damaged.
You hit the orc warrior. You closely miss the hound.
The hound bites you but does no damage.
The orc warrior hits you with a +2 vampiric war axe!
* * * LOW HITPOINT WARNING * * *
The necrophage hits you but does no damage.
You are too berserk!
You slash the necrophage!
The necrophage is severely damaged.
You closely miss the orc warrior. You slash the hound!
The hound bites you but does no damage.
You slash the necrophage!
You destroy the necrophage!
Trog accepts your kill.
You barely miss the hound. You hit the orc warrior.
The orc warrior hits you with a +2 vampiric war axe.
* * * LOW HITPOINT WARNING * * *
The hound bites you but does no damage.
Your Dodging skill increases to level 2!
You have reached level 4!
You feel clever. The hound attacks as you move away!
The hound bites you but does no damage.
The orc warrior hits you with a +2 vampiric war axe!
* * * LOW HITPOINT WARNING * * *
You closely miss the orc warrior.
The orc warrior is severely wounded.
You closely miss the hound. The hound bites you but does no damage.
The orc warrior hits you with a +2 vampiric war axe!
You die...

#.......
#.......
##......
...... #####
#...#
#....##...#
#.#....#o..#
#.......@h#
...##...####
. #...#
#...# #...#
#####


You could see an orc warrior and a hound.

Vanquished Creatures
  A necrophage (D:5)
  A worm (D:2)
  3 dart slugs
  An orc (D:3)
  3 ball pythons
  5 hobgoblins
  2 quokkas
  A bat (D:1)
  A frilled lizard (D:1)
  4 goblins
  3 kobolds
25 creatures vanquished.

Vanquished Creatures (others)
  34 plants (D:1)
  2 withered plants (D:2)
36 creatures vanquished.

Grand Total: 61 creatures vanquished

Notes
Turn   | Place    | Note
-------+----------+-------------------------------------------
     0 | D:1      | Mickster the Gargoyle Berserker began the quest for the
                  | Orb.
     0 | D:1      | Reached XP level 1. HP: 14/14 MP: 1/1
   263 | D:1      | Reached XP level 2. HP: 17/19 MP: 2/2
   609 | D:2      | Found a faded altar of an unknown god.
   634 | D:2      | HP: 1/20 [worm (9)]
   640 | D:2      | Reached skill level 4 in Fighting
  1059 | D:2      | Reached XP level 3. HP: 23/24 MP: 3/3
  1168 | D:2      | Found a sacrificial altar of Ru.
  1738 | D:3      | You fall into a shaft and drop 2 floors!
  1738 | D:5      | Entered Level 5 of the Dungeon
  1740 | D:5      | Noticed a necrophage
  1741 | D:5      | Noticed an orc warrior
  1749 | D:5      | Killed a necrophage
  1750 | D:5      | Reached XP level 4. HP: 12/30 MP: 4/4
  1751 | D:5      | Slain by an orc warrior

Illustrated notes

Levels and vault maps discovered:
D:1:      roderic_crop_circles_arrival_small, layout_basic
D:2:      layout_loops_ring, ebering_ecumenical_altar_petrified, basic_altar,
          minmay_heptomino_d4
D:3:      layout_loops_ring, item_on_display_a
D:5:      layout_basic, minmay_manual_monstrance, uniq_pikel

Skill      XL: |  1  2  3 |
---------------+----------+-----
Axes           | 3 |  3.6
Fighting       | 4 |  4.3
Dodging        | 2 |  2.0
Armour         | |  2.2
Stealth        | |  0.6

Action                   |  1- 3 |  4- 6 || total
-------------------------+-------+-------++-------
Melee: Hand axe          |   127 |     1 ||   128
Invok: Berserk           |     1 |       ||     1
  Use: Scroll            |     4 |       ||     4
       Potion            |     1 |       ||     1
Armor: Animal skin       |    30 |     2 ||    32
Dodge: Dodged            |    55 |       ||    55
